 Dungeon Crawl Stone Soup version 0.29.0-4-gdea44cf6ec (webtiles) character file.

Game seed: 12245802741256000204

20 qw the Chopper (level 2, -1/17 HPs)
             Began as a Tengu Warper on Aug 28, 2022.
             Succumbed to their own poison gas
             ... on level 1 of the Dungeon.
             The game lasted 00:00:05 (1074 turns).

qw the Chopper (Tengu Warper)                       Turns: 1074, Time: 00:00:05

Health: -1/17      AC:  6    Str: 11    XL:     2   Next: 79%
Magic:  6/6        EV:  9    Int: 13    God:
Gold:   0          SH:  0    Dex: 13    Spells: 5/5 levels left

rFire   . . .      SeeInvis .   Y - +0 hand axe
rCold   . . .      Faith    .   (no shield)
rNeg    . . .      Spirit   .   h - +0 scale mail
rPois   .          Reflect  .   (helmet restricted)
rElec   .          Harm     .   (no cloak)
rCorr   .          Rampage  .   (no gloves)
Will    .....                   (boots unavailable)
Stlth   ..........              (no amulet)
HPRegen 0.05/turn               (no ring)
MPRegen 0.10/turn               (no ring)

@: lethally poisoned (-1 -> -12), very slow
A: beak, talons 3
a: no special abilities


You were on level 1 of the Dungeon.
You visited 1 branch of the dungeon, and saw 1 of its levels.


Innate Abilities, Weirdness & Mutations

You have a beak for a mouth.
You have claws for feet.


   Skills:
 - Level 2.0 Fighting
 + Level 3.6 Axes
 - Level 1.0 Throwing
 - Level 1.1 Armour
 - Level 2.1 Dodging
 - Level 2.0 Spellcasting
 - Level 2.4 Translocations


You had 5 spell levels left.
You didn't know any spells.
Your spell library contained the following spells:

 Spells                   Type           Power      Damage    Failure   Level
 Blink                    Tloc           14%        N/A       65%         2
 Gell's Gravitas          Tloc           7%         N/A       86%         3
 Lesser Beckoning         Tloc           7%         N/A       86%         3
 Teleport Other           Tloc           7%         N/A       86%         3
 Manifold Assault         Tloc           7%         N/A       100%        5

Inventory:

Hand Weapons
 k - a +2 whip of pain
 Y - a +0 hand axe (weapon)
Armour
 h - a +0 scale mail (worn)
Potions
 d - a potion of attraction {unknown}
 f - a potion of might {unknown}
 j - a potion of flight {unknown}

Dungeon Overview and Level Annotations

Branches:
Dungeon (1/15)

Altars:


Message History

You start putting on your armour.
You continue putting on your +0 scale mail. x5
You finish putting on your +0 scale mail.
1067 ||| DROPPING +0 leather armour.
You drop a +0 leather armour.
You hear a splash.
Done exploring.
1068 ||| READING scroll labelled JIFYOT REMPI.
The air fills with toxic fumes!
As you read the scroll labelled JIFYOT REMPI, it crumbles to dust.
It was a scroll of poison.
Done exploring.
1069 ||| READING 2 scrolls labelled AJIKOI USIAC.
As you read the scroll labelled AJIKOI USIAC, it crumbles to dust.
You hear a loud clanging noise!
It was a scroll of noise.
Done exploring.
1070 ||| READING scroll labelled RUZI XAUTAKK.
As you read the scroll labelled RUZI XAUTAKK, it crumbles to dust.
It is a scroll of identify.
Really abort (and waste the scroll)?
Done exploring.
1071 ||| DROPPING scroll of blinking.
You drop a scroll of blinking.
You hear a splash.
Done exploring.
1072 ||| DROPPING scroll of noise.
You drop a scroll of noise.
You hear a splash.
Done exploring.
(D) Dungeon
Where to? (* - list waypoints, ? - help)
What level of the Dungeon? (default 1, ? - help) Sorry, I don't know how to get there.
Done exploring.
1073 ||| Stepping randomly (stuck).
Really walk into that cloud of poison gas?
You are engulfed in poison gas.
You are poisoned.
Ouch! That really hurt!
You feel very sick.
1074 ||| Stepping ~*~*~tactically~*~*~ (cloud).
You die...

777.777777#.........####
77~~~P~P77#..%..P...#
~~~~~~~~~...#0P...###
PP~~.7777~.##.¤...##
777~77 77.#¤7~0..P##
7~.77 #.#¤0¤...¤P#
#77~~7 #.#P0¤¤7~0¤#
777~77 #.#7~70¤~P¤#
#7P.~7 #...~~~@7?P#
....## ##¤¤0¤¤¤¤¤¤#
##### #¤P¤¤7¤7¤¤#
###770¤.0P# #P¤..0##
##¤7.0# ###7P# ###


There were no monsters in sight!

Vanquished Creatures
  A ball python (D:1)
  2 endoplasms (D:1)
  A giant cockroach (D:1)
  3 goblins (D:1)
  A hobgoblin (D:1)
  3 jackals (D:1)
  2 bats (D:1)
  A frilled lizard (D:1)
  A kobold (D:1)
  2 rats (D:1)
17 creatures vanquished.

Vanquished Creatures (others)
  5 toadstools (D:1)
5 creatures vanquished.

Grand Total: 22 creatures vanquished

Notes
Turn   | Place    | Note
-------+----------+-------------------------------------------
     0 | D:1      | qw the Tengu Warper began the quest for the Orb.
     0 | D:1      | Reached XP level 1. HP: 12/12 MP: 4/4
     0 | D:1      | 0 ||| qw: Version: 0.1-a-89-g26bdef1
     0 | D:1      | 0 ||| qw: Game counter: 300
     0 | D:1      | 0 ||| qw: Always use a shield: true
     0 | D:1      | 0 ||| qw: God list: Okawaru
     0 | D:1      | 0 ||| qw: Allow faded altars: false
     0 | D:1      | 0 ||| qw: Do Orc after D:15 true
     0 | D:1      | 0 ||| qw: Do second Lair branch before Depths: true
     0 | D:1      | 0 ||| qw: Lair rune preference: random
     0 | D:1      | 0 ||| qw: Plans: Normal
     0 | D:1      | 0 ||| PLANNING D:1-11
   285 | D:1      | Reached XP level 2. HP: 17/17 MP: 6/6
   309 | D:1      | Reached skill level 3 in Axes
   365 | D:1      | Found a faded altar of an unknown god.
   651 | D:1      | 651 ||| Stepping ~*~*~tactically~*~*~ (stealth).
   654 | D:1      | 654 ||| Stepping ~*~*~tactically~*~*~ (stealth).
   774 | D:1      | 774 ||| DROPPING +0 club.
   932 | D:1      | 932 ||| Stepping ~*~*~tactically~*~*~ (stealth).
   933 | D:1      | 933 ||| Stepping ~*~*~tactically~*~*~ (stealth).
  1057 | D:1      | 1057 ||| UPGRADING to +0 scale mail.
  1067 | D:1      | 1067 ||| DROPPING +0 leather armour.
  1068 | D:1      | 1068 ||| READING scroll labelled JIFYOT REMPI.
  1069 | D:1      | 1069 ||| READING 2 scrolls labelled AJIKOI USIAC.
  1070 | D:1      | 1070 ||| READING scroll labelled RUZI XAUTAKK.
  1071 | D:1      | 1071 ||| DROPPING scroll of blinking.
  1072 | D:1      | 1072 ||| DROPPING scroll of noise.
  1073 | D:1      | 1073 ||| Stepping randomly (stuck).
  1073 | D:1      | HP: 3/17 [poisoned by you (poison gas)]
  1074 | D:1      | 1074 ||| Stepping ~*~*~tactically~*~*~ (cloud).
  1074 | D:1      | Succumbed to their own poison gas

Levels and vault maps discovered:
D:1:      ldierk_walled_garden, layout_basic,
          hellmonk_ecumenical_altar_slurped_away, serial_bayou,
          serial_bayou_shore_b, serial_bayou_crossing, serial_bayou_pond_a,
          serial_bayou_pond_b

Skill      XL: |  1  2 |
---------------+-------+-----
Axes           | 3 |  3.6
Fighting       | |  2.0
Throwing       | |  1.0
Armour         | |  1.1
Dodging        | |  2.1
Spellcasting   | |  2.0
Translocations | |  2.4

Action                   || total
-------------------------++-------
Melee: Hand axe          ||    33
       Peck              ||     5
       Kick              ||     8
       Punch             ||     1
Throw: Boomerang         ||     7
  Use: Scroll            ||     3
Armor: Leather armour    ||    20
Dodge: Dodged            ||    21

Table legend:
 A = Non-vault XP
 B = Vault XP
 C = Vault XP percentage of total XP
 D = Non-vault monster count
 E = Vault monster count
 F = Vault count percentage of total count
                 A         B        C        D         E       F
            +---------+---------+-------+---------+---------+-------
      Total |      23 |       6 |  20.7 |      14 |       3 |  17.6
            +---------+---------+-------+---------+---------+-------
        D:1 |      23 |       6 |  20.7 |      14 |       3 |  17.6
            +---------+---------+-------+---------+---------+-------
